 Dungeon Crawl Stone Soup version 0.32-a0-872-g59262bdc9b (webtiles) character file.

Game seed: 3147678370639664362

6059 601d51SH the Covert (level 10, -11/73 HPs)
             Began as a Gnoll Delver on Mar 31, 2024.
             Was a Priest of Hepliaklqana.
             Mangled by an efreet
             ... wielding a +4 scimitar of flaming
              (16 damage)
             ... on level 9 of the Dungeon.
             The game lasted 00:23:10 (7804 turns).

601d51SH the Covert (Gnoll Delver)                  Turns: 7804, Time: 00:23:11

Health: -11/73     AC: 13    Str: 15    XL:     10   Next: 87%
Magic:  17/18      EV: 13    Int:  9    God:    Hepliaklqana [***...]
Gold:   438        SH:  0    Dex: 10    Spells: 17/20 levels left

rFire   . . .        H - +2 long sword (holy)
rCold   + . .        k - orb {light}
rNeg    . . .        Y - +0 steam dragon scales
rPois   +            G - +0 helmet
rElec   .            M - +0 cloak
rCorr   +            I - +2 pair of gloves "Qymp" {rPois Regen+ rCorr Dex-5}
SInv    .            h - +0 pair of boots
Will    .....        C - amulet of regeneration
Stlth   ++           w - ring of protection from cold
HPRegen 1.92/turn    (no ring)
MPRegen 0.16/turn

%: no passive effects
@: unswift, glowing, very slow
A: reduced essence, fangs 1, strong nose, distributed training
a: Renounce Religion, Recall Ancestor, Ancestor Identity, Transference


You were on level 9 of the Dungeon.
You worshipped Hepliaklqana.
Hepliaklqana was most pleased with you.
You visited 2 branches of the dungeon, and saw 10 of its levels.
You also visited: Ossuary.

You collected 438 gold pieces.

Inventory:

Hand Weapons
 a - a +5 hand axe
 l - a +3 long sword
 u - the +3 mace of the Land of Plenty {speed, rF- rN++ rCorr SInv}
   (You found it on level 7 of the Dungeon)

   rF-:       It makes you vulnerable to fire.
   rN++:      It greatly protects you from negative energy.
   SInv:      It lets you see invisible.
   rCorr:     It protects you from acid and corrosion.
 A - a +2 whip of electrocution
 H - a +2 long sword of holy wrath (weapon)
 L - a +3 quarterstaff of chaos
Missiles
 m - 36 poisoned darts (quivered)
 q - 3 atropa-tipped darts
 v - 6 curare-tipped darts
Armour
 h - a +0 pair of boots (worn)
 k - an orb of light (worn)
 G - a +0 helmet (worn)
 I - the +2 pair of gloves "Qymp" (worn) {rPois Regen+ rCorr Dex-5}
   (You found it on level 4 of the Dungeon)

   Dex-5:     It affects your dexterity (-5).
   rPois:     It protects you from poison.
   Regen+:    It increases your rate of health regeneration.
   rCorr:     It protects you from acid and corrosion.
 M - a +0 cloak (worn)
 Y - +0 steam dragon scales (worn)
Jewellery
 w - a ring of protection from cold (left hand)
 y - a ring of see invisible
 C - an amulet of regeneration (around neck)
 E - a +6 ring of intelligence
 Z - a ring of willpower
Wands
 g - a wand of digging (3)
 s - a wand of iceblast (8)
 x - a wand of charming (12)
 Q - a wand of mindburst (16)
Scrolls
 c - 5 scrolls of fog
 d - 2 scrolls of revelation
 e - 3 scrolls of fear
 j - 5 scrolls of identify {unknown}
 n - 2 scrolls of noise {unknown}
 t - 4 scrolls of enchant weapon {unknown}
 B - a scroll of enchant armour {unknown}
 D - 3 scrolls of amnesia {unknown}
 F - a scroll of poison {unknown}
 O - a scroll of silence {unknown}
 P - a scroll of immolation {unknown}
 S - 3 scrolls of vulnerability {unknown}
 W - a scroll of brand weapon {unknown}
Potions
 b - 2 potions of curing {unknown}
 f - 2 potions of haste
 i - 2 potions of magic {unknown}
 o - a potion of brilliance {unknown}
 p - a potion of heal wounds {unknown}
 r - 3 potions of berserk rage {unknown}
 z - a potion of lignification {unknown}
 K - 2 potions of degeneration {unknown}
 T - 3 potions of mutation {unknown}
 U - a potion of resistance {unknown}
 V - a potion of might {unknown}
 X - a potion of invisibility {unknown}


   Skills:
 + Level 8.9 Fighting
 + Level 5.9 Short Blades
 + Level 5.9 Long Blades
 + Level 5.9 Axes
 + Level 5.9 Maces & Flails
 + Level 7.5 Polearms
 + Level 5.9 Staves
 + Level 5.9 Ranged Weapons
 + Level 5.9 Throwing
 + Level 5.9 Armour
 + Level 7.5 Dodging
 + Level 11.2 Stealth
 + Level 5.9 Shields
 + Level 5.9 Unarmed Combat
 + Level 5.9 Spellcasting
 + Level 4.9 Conjurations
 + Level 4.9 Hexes
 + Level 4.9 Summonings
 + Level 4.9 Necromancy
 + Level 4.9 Translocations
 + Level 4.9 Fire Magic
 + Level 4.9 Ice Magic
 + Level 4.9 Air Magic
 + Level 4.9 Earth Magic
 + Level 4.9 Alchemy
 + Level 6.5 Invocations
 + Level 5.9 Evocations
 + Level 5.3 Shapeshifting


You had 17 spell levels left.
You knew the following spells:

 Your Spells              Type           Power      Damage    Failure   Level
a - Swiftness             Air            11%        N/A       9%          3

Your spell library contained the following spells:

 Spells                   Type           Power      Damage    Failure   Level
 Apportation              Tloc           22%        N/A       3%          1
 Shock                    Conj/Air       44%        1d5       3%          1
 Summon Small Mammal      Summ           44%        N/A       3%          1
 Ensorcelled Hibernation  Hex/Ice        22%        N/A       4%          2
 Jinxbite                 Hex            22%        N/A       4%          2
 Call Canine Familiar     Summ           11%        N/A       9%          3
 Passwall                 Erth           11%        N/A       9%          3
 Volatile Blastmotes      Fire/Tloc      22%        2d11      9%          3
 Airstrike                Air            5%         2d(1-17)  30%         4
 Fulminant Prism          Conj/Alch      5%         3d6       30%         4
 Iskenderun's Mystic Bla Conj/Tloc 11%            2d4        (+2d2     30%         4
 Summon Blazeheart Golem  Fire/Summ      11%        N/A       30%         4
 Alistair's Intoxication  Alch           7%         N/A       63%         5


Dungeon Overview and Level Annotations

Branches:
Dungeon (9/15)             Temple (1/1) D:4            Lair (0/5) D:8
Ossuary (visited)
    Orc: D:9-12

Altars:
Ashenzari
Cheibriados
Dithmenos
Elyvilon
Fedhas
Gozag
Hepliaklqana
Kikubaaqudgha
Makhleb
Nemelex Xobeh
Okawaru
Qazlal
Sif Muna
Trog
Uskayaw
Vehumet
Wu Jian
Xom
Yredelemnul
Zin
The Shining One


Innate Abilities, Weirdness & Mutations

Your life essence is reduced to manifest your ancestor. (-10% HP)
You have very sharp teeth.
Your uncanny sense of smell can sniff out nearby items.
Your experience applies equally to all skills.


Message History

You hit the orc warrior but do no damage.
You bite the orc warrior, but do no damage.
The orc warrior is severely wounded.
You hit the orc warrior.
The orc warrior is almost dead.
The skeletal warrior hits you but does no damage.
The orc warrior hits you with a +0 battleaxe!
You hit the orc warrior but do no damage.
The orc warrior is almost dead.
You hit the orc warrior but do no damage.
Your bite misses the orc warrior.
The orc warrior is almost dead.
The skeletal warrior hits you with a +0 flail!
The orc warrior hits you with a +0 battleaxe!!
Your +2 long sword of holy wrath softly glows with a divine radiance!
H - a +2 long sword of holy wrath (weapon)
The orc warrior closely misses you.
The skeletal warrior closely misses you.
You hit the skeletal warrior but do no damage.
The wight completely misses you.
The orc warrior hits you but does no damage.
The skeletal warrior hits you with a +0 flail!
* * * LOW HITPOINT WARNING * * *
You hit the skeletal warrior but do no damage.
The orc warrior hits you with a +0 battleaxe.
* * * LOW HITPOINT WARNING * * *
The wight hits you with a +4 morningstar of freezing.
* * * LOW HITPOINT WARNING * * *
A deep elf pyromancer comes into view. It is wielding a +0 long sword.
The skeletal warrior hits you with a +0 flail!
* * * LOW HITPOINT WARNING * * *
A cyclops comes into view.
The deep elf pyromancer shouts!
You hit the skeletal warrior but do no damage.
You feel sluggish.
You hear an angry hiss.
The wight misses you.
The efreet hits you with a +4 scimitar of flaming!
You die...
Hepliaklqana delivers you to your ancestors.

#####$####...#
#..........ß.#
∆
##...........#
##...(......#
∆###.........#
.#.
##.#.[.###...#
#...##°°#..##
.#.#
..Co°°zzR..# .
# .☼○##o@#..#
. ##.#..# .#
###..# ...#
.### #


You could see a skeletal warrior, a cyclops, an efreet, an orc warrior, a wight
and an orc.

Vanquished Creatures
  A two-headed ogre (D:8)
  An elephant (D:8)
  A tengu conjurer (D:9)
  A troll (D:9)
  A hornet (D:8)
  2 steam dragons (D:7)
  2 ogres (D:6)
  A centaur (D:5)
  3 kobold brigands
  A phantom (D:5)
  3 bullfrogs
  2 scorpions
  4 wights (D:8)
  4 howler monkeys
  4 hounds
  3 orc priests
  Crazy Yiuf (D:4)
  An orc wizard (D:8)
  3 crocodile zombies (Ossuary)
  2 mummies (Ossuary)
  11 gnolls
  3 adders
  2 ribbon worms
  4 dart slugs
  12 orcs
  2 bats
  6 endoplasms
  4 giant cockroaches
  A gnoll zombie (Ossuary)
  15 goblins
  6 hobgoblins
  2 jackals (D:1)
  12 kobolds
  5 quokkas
  5 ball pythons
  6 frilled lizards
  A kobold zombie (Ossuary)
  4 rats
142 creatures vanquished.

Vanquished Creatures (collateral kills)
  A cyclops (D:9)
  2 kobold demonologists (D:9)
  A wraith (D:9)
  Eustachio (D:6)
  A yak (D:8)
  2 water moccasins
  3 sky beasts (D:7)
  A black bear (D:8)
  2 centaurs (D:7)
  A bullfrog (D:8)
  2 kobold brigands (D:9)
  A scorpion (D:7)
  A howler monkey (D:9)
  A bombardier beetle (D:7)
  A jelly (D:8)
  A sleepcap (D:7)
  An iguana (D:7)
  A gnoll (D:6)
  2 adders
  A white imp (D:5)
  5 orcs
  A hobgoblin (D:8)
  4 kobolds
  2 goblins (D:8)
39 creatures vanquished.

Vanquished Creatures (others)
  3 hexers
  An ancestor (D:6)
  A shadow imp (D:7)
  A white imp (D:7)
  A kobold (D:7)
7 creatures vanquished.

Grand Total: 188 creatures vanquished

Notes
Turn   | Place    | Note
-------+----------+-------------------------------------------
     0 | D:5      | Reached skill level 9 in Stealth
     0 | D:5      | 601d51SH the Gnoll Delver began the quest for the Orb.
     0 | D:5      | Reached XP level 1. HP: 23/23 MP: 1/1
    24 | D:4      | Reached XP level 2. HP: 19/29 MP: 2/2
    94 | D:4      | Reached skill level 1 in Invocations
    94 | D:4      | Reached XP level 3. HP: 34/35 MP: 2/4
   147 | D:4      | Found a runed translucent door.
   148 | D:4      | Noticed Crazy Yiuf
   211 | D:4      | Reached skill level 1 in Short Blades
   211 | D:4      | Reached skill level 1 in Long Blades
   211 | D:4      | Reached skill level 1 in Axes
   211 | D:4      | Reached skill level 1 in Maces & Flails
   211 | D:4      | Reached skill level 1 in Staves
   211 | D:4      | Reached skill level 1 in Ranged Weapons
   211 | D:4      | Reached skill level 1 in Throwing
   211 | D:4      | Reached skill level 1 in Armour
   211 | D:4      | Reached skill level 1 in Shields
   211 | D:4      | Reached skill level 1 in Unarmed Combat
   211 | D:4      | Reached skill level 1 in Spellcasting
   211 | D:4      | Reached skill level 1 in Evocations
   214 | D:4      | Noticed a scorpion
   245 | D:3      | Learned a level 3 spell: Swiftness
   315 | D:1      | Reached skill level 1 in Shapeshifting
   315 | D:1      | Reached XP level 4. HP: 34/41 MP: 5/5
   826 | D:1      | Reached skill level 1 in Conjurations
   826 | D:1      | Reached skill level 1 in Hexes
   826 | D:1      | Reached skill level 1 in Summonings
   826 | D:1      | Reached skill level 1 in Necromancy
   826 | D:1      | Reached skill level 1 in Translocations
   826 | D:1      | Reached skill level 1 in Fire Magic
   826 | D:1      | Reached skill level 1 in Ice Magic
   826 | D:1      | Reached skill level 1 in Air Magic
   826 | D:1      | Reached skill level 1 in Earth Magic
   826 | D:1      | Reached skill level 1 in Alchemy
  1951 | D:3      | Reached XP level 5. HP: 45/47 MP: 5/7
  2475 | D:3      | Reached XP level 6. HP: 49/53 MP: 8/8
  2881 | D:4      | Reached skill level 5 in Polearms
  2881 | D:4      | Reached skill level 5 in Dodging
  3163 | D:4      | Found a staircase to the Ecumenical Temple.
  3191 | D:4      | Identified the +2 pair of gloves "Qymp" {rPois Regen+ rCorr
                  | Dex-5}
  3208 | Temple   | Entered the Ecumenical Temple
  3277 | Temple   | Became a worshipper of Hepliaklqana the Forgotten
  3754 | D:4      | Killed Crazy Yiuf
  3892 | D:5      | Reached XP level 7. HP: 58/60 MP: 10/10
  4183 | D:5      | Reached * piety under Hepliaklqana
  4663 | D:6      | Reached skill level 10 in Stealth
  4903 | D:6      | Noticed Eustachio
  4922 | D:6      | Killed Eustachio
  4923 | D:6      | Reached XP level 8. HP: 60/60 MP: 12/12
  5181 | D:6      | Reached ** piety under Hepliaklqana
  5183 | D:6      | Remembered your ancestor Sapeihao as a hexer
  5185 | D:6      | Found an ornate altar of the Wu Jian Council.
  5768 | D:7      | Found a sand-covered staircase.
  5777 | Ossuary  | Entered an ossuary
  5819 | Ossuary  | Reached XP level 9. HP: 65/65 MP: 14/14
  6020 | D:7      | Identified the +3 mace of the Land of Plenty {speed, rF-
                  | rN++ rCorr SInv}
  6838 | D:8      | Found a stormy altar of Qazlal.
  6977 | D:8      | Noticed a two-headed ogre
  6998 | D:8      | Killed a two-headed ogre
  6999 | D:8      | Reached skill level 5 in Invocations
  7020 | D:8      | Noticed a hornet
  7031 | D:8      | Killed a hornet
  7032 | D:8      | Reached skill level 5 in Short Blades
  7032 | D:8      | Reached skill level 5 in Long Blades
  7032 | D:8      | Reached skill level 5 in Axes
  7032 | D:8      | Reached skill level 5 in Maces & Flails
  7032 | D:8      | Reached skill level 5 in Staves
  7032 | D:8      | Reached skill level 5 in Ranged Weapons
  7032 | D:8      | Reached skill level 5 in Throwing
  7032 | D:8      | Reached skill level 5 in Armour
  7032 | D:8      | Reached skill level 5 in Shields
  7032 | D:8      | Reached skill level 5 in Unarmed Combat
  7032 | D:8      | Reached skill level 5 in Spellcasting
  7032 | D:8      | Reached skill level 5 in Evocations
  7032 | D:8      | Reached XP level 10. HP: 46/72 MP: 17/17
  7055 | D:8      | Reached *** piety under Hepliaklqana
  7060 | D:8      | Found a staircase to the Lair.
  7060 | D:8      | Noticed an elephant
  7088 | D:8      | Killed an elephant
  7089 | D:8      | Reached skill level 11 in Stealth
  7151 | D:8      | Found an iron altar of Okawaru.
  7676 | D:9      | Noticed a kobold demonologist
  7677 | D:9      | Noticed a kobold demonologist
  7684 | D:9      | Noticed a soul eater
  7702 | D:9      | Killed a kobold demonologist
  7703 | D:9      | Reached skill level 5 in Shapeshifting
  7710 | D:9      | Noticed an orange demon
  7712 | D:9      | Killed a kobold demonologist
  7767 | D:9      | Noticed a cyclops
  7778 | D:9      | Killed a cyclops
  7789 | D:9      | Noticed a skeletal warrior
  7803 | D:9      | Noticed a deep elf pyromancer
  7803 | D:9      | HP: 3/73 [skeletal warrior/+0 flail (10)]
  7803 | D:9      | Noticed a cyclops
  7804 | D:9      | Mangled by an efreet

Illustrated notes

Levels and vault maps discovered:
D:1:      nzn_arrival_depleted_hourglass, layout_basic
D:2:      layout_rooms
D:3:      layout_basic
D:4:      minmay_door_path, layout_basic, minmay_temple_entry_overgrown,
          uniq_crazy_yiuf_cottage
D:5:      layout_loops_corners, chequers_decorated_corner
D:6:      layout_basic, nicolae_wu_jian_glorious_leap,
          nicolae_underground_beach, uniq_eustachio
D:7:      kennysheep_steamy, layout_cave_pools, nicolae_ossuary_entry_ruins
D:8:      layout_loops_corners, nicolae_qazlal_style_of_elements,
          okawaru_altar_gauntlet_db, grunt_lair_entry_orc_guard_hut
D:9:      minmay_the_grid_octo_triangle [minmay_the_grid_octo_checkered,
          minmay_the_grid_octo_prize_square_snowflake,
          minmay_the_grid_octo_clover_2], layout_stronghold, david_orc_3,
          serial_column_ruins, column_ruins_hut_ruined, column_ruins_hut,
          column_ruins_grid_1, column_ruins_columns_straight,
          column_ruins_open_small, column_ruins_columns_corner,
          column_ruins_grid_2, column_ruins_columns_straight,
          column_ruins_open_small, uniq_maurice, uniq_pikel
Temple:   dpeg_five_rooms_temple

Skill      XL: |  1  2  3  4  5  6  7  8  9 10 |
---------------+-------------------------------+-----
Stealth        | 10 11 | 11.2
Invocations    | 1 2 3 4 5 6 |  6.5
Short Blades   | 1 2 3 5 |  5.9
Long Blades    | 1 2 3 5 |  5.9
Axes           | 1 2 3 5 |  5.9
Maces & Flails | 1 2 3 5 |  5.9
Staves         | 1 2 3 5 |  5.9
Ranged Weapons | 1 2 3 5 |  5.9
Throwing       | 1 2 3 5 |  5.9
Armour         | 1 2 3 5 |  5.9
Shields        | 1 2 3 5 |  5.9
Unarmed Combat | 1 2 3 5 |  5.9
Spellcasting   | 1 2 3 5 |  5.9
Evocations     | 1 2 3 5 |  5.9
Shapeshifting  | 1 2 3 4 5 |  5.3
Conjurations   | 1 2 3 4 |  4.9
Hexes          | 1 2 3 4 |  4.9
Summonings     | 1 2 3 4 |  4.9
Necromancy     | 1 2 3 4 |  4.9
Translocations | 1 2 3 4 |  4.9
Fire Magic     | 1 2 3 4 |  4.9
Ice Magic      | 1 2 3 4 |  4.9
Air Magic      | 1 2 3 4 |  4.9
Earth Magic    | 1 2 3 4 |  4.9
Alchemy        | 1 2 3 4 |  4.9
Polearms       | 5 6 7 |  7.5
Dodging        | 5 6 7 |  7.5
Fighting       | 7 8 |  8.9

Action                     |  1- 3 |  4- 6 |  7- 9 | 10-12 || total
---------------------------+-------+-------+-------+-------++-------
  Melee: Spear             |    56 |    26 |       |       ||    82
         Bite              |     3 |    50 |    45 |    18 ||   116
         Dagger            |       |   319 |   180 |       ||   499
         Long sword        |       |       |    53 |    16 ||    69
         Mace              |       |       |    32 |    83 ||   115
         Hand axe          |       |       |       |    17 ||    17
  Throw: Dart              |       |       |     1 |       ||     1
   Cast: Swiftness         |       |       |     1 |     1 ||     2
 Invoke: Ancestor Life: He |       |       |     1 |       ||     1
    Use: Scroll            |       |       |     1 |       ||     1
         Potion            |       |       |       |     1 ||     1
   Stab: Sleeping          |     3 |     6 |       |       ||     9
         Confused          |       |       |     2 |     2 ||     4
         Distracted        |       |       |       |     3 ||     3
 Armour: Leather armour    |    27 |    62 |       |       ||    89
         Chain mail        |       |   119 |   180 |       ||   299
         Steam dragon scal |       |       |    33 |    86 ||   119
         Skin              |       |       |     4 |       ||     4
  Dodge: Dodged            |    37 |   117 |    89 |    64 ||   307

Table legend: (Time is in decaauts)
 A = Elapsed time spent in this place.
 B = Non-inter-level travel time spent in this place.
 C = Inter-level travel time spent in this place.
 D = Time resting spent in this place.
 E = Time spent auto-exploring this place.
 F = Levels seen in this place.
 G = Mean time per level.
                   A        B        C        D        E       F      G
               +--------+--------+--------+--------+--------+-----+--------+
         Total |   7554 |   6975 |    579 |    158 |   4771 |  11 |  686.7 |
       Dungeon |   7296 |   6856 |    440 |    158 |   4771 |   9 |  810.7 |
        Temple |    141 |      2 |    139 |      0 |      0 |   1 |  141.0 |
       Ossuary |    115 |    115 |      0 |      0 |      0 |   1 |  115.0 |
               +--------+--------+--------+--------+--------+-----+--------+

Top non-repeatable levels by time:
     D:8: 1180 daAuts
     D:1: 1024 daAuts
     D:4: 1019 daAuts
     D:3: 936 daAuts
     D:6: 922 daAuts
     D:5: 790 daAuts
     D:7: 710 daAuts
     D:2: 576 daAuts
  Temple: 141 daAuts
     D:9: 137 daAuts
 Ossuary: 115 daAuts
